Map: Acid Plant LE

Players

JonSnow

  • Race: Zerg Zerg
  • Spawn Location: 11:00

Stephano - Winner!

  • Race: Zerg Zerg
  • Spawn Location: 5:00

Event: WCS Montreal 2018

VOD

Have the link to the VOD?

Description

Time

  • Played on: Sept. 7, 2018, 1:42 p.m.
  • Length: 15:03

All games in this series

Show
View Real Time Build Order
Export as new Build Order

JonSnow Zerg 

Build Orders: Hatch First, Muta Ling Bane 

Get SALT Encoding   

  12  0:00  Drone  
  13  0:13  Overlord  
  13  0:16  Drone  
  14  0:32  Drone  
  14  0:33  Drone  
  16  0:37  Drone  
  17  0:52  Hatchery  
  17  0:57  Drone  
  17  0:59  Drone  
  18  1:05  Extractor  
  17  1:16  Spawning Pool  
  17  1:18  Drone  
  17  1:21  Drone  
  18  1:29  Drone  
  19  1:41  Drone  
  20  1:52  Overlord  
  20  2:04  Queen x2  
  20  2:05  Zergling x4  
  26  2:08  Metabolic Boost  
  26  2:13  Drone  
  27  2:18  Drone  
  28  2:23  Drone  
  28  2:27  Drone  
  30  2:34  Drone  
  30  2:36  Drone  
  32  2:44  Hatchery  
  31  2:51  Baneling Nest  
  30  3:00  Drone x4  
  34  3:07  Overlord  
  34  3:12  Queen  
  34  3:18  Overlord  
  36  3:29  Zergling x6  
  36  3:31  Drone x3  
  36  3:34  Zergling x2  
  42  3:38  Zergling x2  
  43  3:46  Zergling x2  
  43  3:48  Baneling x2  
  44  3:49  Baneling  
  44  3:51  Zergling x2  
  45  3:57  Drone x5  
  45  4:00  Drone x2, Evolution Chamber  
  51  4:13  Drone x2  
  51  4:14  Drone x3  
  56  4:19  Baneling x2  
  56  4:21  Drone x2  
  58  4:24  Extractor  
  58  4:25  Extractor  
  58  4:28  Baneling x2  
  55  4:32  Zergling x4  
  55  4:36  Zerg Missile Weapons Level 1, Overlord  
  55  4:37  Overlord  
  56  4:46  Roach Warren  
  56  4:48  Drone  
  56  4:49  Drone x3  
  56  4:52  Zergling x6  
  58  4:58  Drone x5  
  62  5:04  Drone x3  
  62  5:05  Overlord  
  62  5:06  Drone  
  65  5:07  Lair  
  65  5:08  Drone x3  
  65  5:09  Drone  
  69  5:16  Extractor x2, Drone  
  69  5:17  Baneling  
  69  5:18  Drone x2  
  70  5:23  Drone x3  
  70  5:27  Overlord  
  73  5:31  Drone x2  
  73  5:32  Drone  
  73  5:33  Drone x2  
  73  5:34  Extractor  
  77  5:38  Drone x3  
  77  5:42  Roach  
  81  5:45  Overlord  
  81  5:47  Hatchery  
  80  5:51  Overlord  
  80  5:59  Overlord x2  
  80  6:05  Drone  
  80  6:06  Spire, Glial Reconstitution  
  80  6:09  Drone  
  80  6:11  Roach x5, Evolution Chamber  
  90  6:14  Drone  
  90  6:15  Queen  
  92  6:19  Roach  
  92  6:20  Roach  
  92  6:23  Overlord x2  
  96  6:27  Drone x3  
  99  6:43  Overlord  
  99  6:44  Zerg Missile Weapons Level 2, Zerg Ground Armor Level 1  
  99  7:15  Overlord  
  99  7:17  Mutalisk x2  
  99  7:18  Mutalisk x7  
  99  7:20  Roach x4  
  99  7:21  Drone x4  
  99  7:22  Drone  
  130  7:23  Overlord  
  130  7:24  Roach x2  
  130  7:25  Extractor x2, Roach x2  
  130  7:27  Roach  
  140  7:30  Roach x2  
  140  7:36  Roach x2  
  140  7:37  Roach x2  
  150  7:38  Overlord  
  150  7:43  Overlord  
  152  7:44  Roach x2  
  152  7:46  Overlord  
  152  7:50  Roach  
  152  7:51  Roach x3  
  162  7:54  Roach  
  162  7:55  Roach  
  168  7:58  Roach x2  
  168  7:59  Roach, Ravager  
  168  8:01  Baneling  
  168  8:03  Roach x2  
  177  8:11  Roach x3  
  174  8:17  Roach x7  
  159  8:22  Roach x3  
  159  8:24  Roach  
  151  8:28  Roach x3  
  151  8:30  Zergling x4  
  151  8:34  Roach x5  
  146  8:38  Drone  
  140  8:42  Overseer  
  140  8:45  Roach x4  
  142  8:54  Drone x2, Queen  
  142  8:55  Drone x3  
  149  8:57  Overlord  
  149  8:59  Centrifical Hooks  
  147  9:13  Roach x10  
  162  9:20  Drone x4  
  159  9:26  Drone  
  156  9:35  Roach x6  
  156  9:36  Ravager  
  156  9:37  Ravager  
  164  9:41  Roach  
  168  9:45  Roach x2  
  151  9:53  Roach  
  151  9:57  Roach x4  
  136  10:00  Roach  
  136  10:01  Roach  
  118  10:07  Roach  
  118  10:08  Roach x2  
  108  10:15  Roach x2  
  108  10:18  Roach x2  
  106  10:22  Roach x2  
  106  10:26  Ravager x3  
  106  10:28  Ravager  
  110  10:31  Drone  
  110  10:32  Drone x3  
  110  10:33  Drone x2  
  110  10:34  Drone  
  117  10:42  Roach x3  
  123  10:45  Roach x3  
  123  10:47  Roach  
  123  10:48  Overseer  
  131  10:55  Roach x2  
  131  10:56  Roach  
  137  11:02  Roach  
  139  11:06  Roach  
  139  11:07  Roach x3  
  139  11:08  Ravager  
  139  11:09  Ravager  
  139  11:11  Roach x3  
  155  11:17  Roach x3  
  161  11:19  Mutalisk  
  163  11:26  Zergling x2  
  163  11:27  Zergling x10  
  167  11:35  Zergling x8  
  171  11:41  Roach x5  
  171  11:44  Roach x2  
  185  11:48  Zergling x2  
  185  11:49  Zergling x6  
  185  11:52  Roach  
  185  11:53  Overlord  
  185  11:54  Ravager  
  188  11:55  Ravager x2  
  190  12:02  Baneling x2  
  190  12:03  Baneling x11  
  190  12:07  Baneling x8  
  190  12:13  Overseer x2  
  190  12:17  Baneling x7  
  190  12:19  Ravager x2  
  191  12:51  Roach  
  182  12:56  Roach x12  
  182  12:57  Roach  
  183  13:04  Roach x3  
  172  13:07  Roach  
  172  13:11  Roach x4  
  163  13:15  Roach  
  163  13:16  Roach  
  163  13:19  Overseer  
  153  13:28  Roach x4  
  153  13:33  Roach  
  161  13:37  Roach  
  161  13:38  Roach  
  165  13:43  Ravager x4  
  165  13:47  Ravager  
  165  13:48  Ravager  
  171  13:54  Roach x2  
  175  14:01  Roach  
  167  14:10  Roach  
  167  14:16  Roach x4  
  148  14:26  Roach x3  
  138  14:33  Roach  
  138  14:34  Roach  
  119  14:40  Roach  
  119  14:42  Roach  
Show
View Real Time Build Order
Export as new Build Order

Stephano Zerg - Winner!

Build Orders: Hatch First 

Get SALT Encoding   

  12  0:00  Drone  
  13  0:12  Overlord  
  13  0:17  Drone  
  14  0:31  Drone x2  
  16  0:47  Hatchery  
  15  0:51  Drone  
  15  0:55  Drone  
  17  0:58  Drone  
  18  1:08  Extractor  
  17  1:14  Spawning Pool  
  17  1:17  Drone  
  17  1:20  Drone  
  18  1:28  Drone  
  19  1:39  Drone  
  20  1:49  Drone  
  21  2:01  Queen x2  
  21  2:02  Zergling x2  
  21  2:03  Overlord  
  26  2:11  Metabolic Boost, Drone x2  
  28  2:21  Drone  
  28  2:22  Drone  
  30  2:34  Hatchery  
  30  2:35  Zergling x2  
  30  2:42  Queen  
  32  2:48  Baneling Nest  
  31  2:53  Overlord  
  30  2:59  Drone x2  
  30  3:02  Drone  
  30  3:05  Zergling x2  
  34  3:08  Drone  
  35  3:15  Drone  
  35  3:16  Zergling x6  
  39  3:22  Queen  
  41  3:34  Baneling  
  41  3:35  Baneling x2, Drone x2  
  41  3:39  Overlord  
  43  3:46  Drone x6  
  49  3:56  Overlord  
  49  3:58  Drone x4  
  53  4:06  Zergling x4  
  54  4:12  Zergling x2  
  54  4:13  Baneling x2  
  55  4:17  Extractor  
  55  4:18  Drone  
  55  4:19  Extractor, Drone  
  55  4:20  Evolution Chamber  
  54  4:27  Drone x8  
  54  4:28  Zergling x2  
  54  4:30  Overlord  
  62  4:33  Overlord  
  62  4:47  Overlord  
  62  4:49  Drone x7  
  66  4:56  Lair  
  66  4:58  Zerg Missile Weapons Level 1  
  65  5:03  Drone x5  
  68  5:11  Roach Warren  
  68  5:12  Baneling x2  
  67  5:15  Zergling x8  
  67  5:16  Drone x2  
  73  5:23  Overlord  
  73  5:33  Drone x7  
  73  5:35  Extractor x2  
  78  5:46  Evolution Chamber  
  78  5:47  Pneumatized Carapace  
  78  5:49  Drone x3  
  80  5:51  Extractor, Drone  
  80  5:53  Drone  
  80  5:56  Roach x6  
  93  5:57  Hatchery, Glial Reconstitution  
  92  6:12  Zerg Ground Armor Level 1  
  92  6:13  Roach x3  
  98  6:22  Overlord  
  98  6:23  Overseer  
  98  6:24  Overlord  
  98  6:29  Overlord  
  98  6:37  Overseer  
  98  6:39  Overlord x2  
  97  6:41  Roach  
  97  6:42  Roach x3  
  97  6:43  Ravager x2  
  97  6:44  Roach x3  
  97  6:46  Overlord x2  
  113  6:49  Roach x4  
  121  6:57  Overlord  
  121  6:59  Roach x3  
  121  7:01  Ravager x2  
  129  7:07  Roach x5  
  139  7:13  Roach x4  
  147  7:18  Roach x2  
  151  7:26  Roach x5  
  162  7:30  Drone x3  
  162  7:33  Zerg Missile Weapons Level 2  
  162  7:35  Drone x4  
  168  7:43  Overlord  
  168  7:54  Spore Crawler  
  168  7:57  Spore Crawler  
  168  7:58  Roach  
  168  8:01  Overlord, Spore Crawler  
  168  8:02  Hydralisk Den  
  166  8:12  Roach x8  
  158  8:20  Roach x12  
  158  8:26  Overlord  
  170  8:27  Spore Crawler  
  170  8:28  Drone x3  
  165  8:36  Muscular Augments  
  165  8:38  Hydralisk x4  
  157  8:46  Hydralisk x4  
  148  8:51  Extractor  
  148  8:52  Spine Crawler  
  148  8:53  Spore Crawler  
  145  8:56  Roach x7  
  145  9:00  Roach x2  
  157  9:04  Roach x3  
  161  9:13  Hydralisk  
  161  9:14  Hydralisk x3  
  165  9:22  Roach  
  165  9:23  Roach x5  
  173  9:29  Roach x4  
  173  9:38  Roach x3  
  175  9:41  Overlord x2  
  174  9:52  Roach x3  
  176  9:53  Roach x6  
  176  9:58  Roach x4  
  160  10:02  Roach x2  
  160  10:06  Roach  
  160  10:07  Roach x2  
  154  10:13  Roach x4  
  146  10:15  Roach  
  146  10:18  Roach  
  146  10:19  Roach  
  140  10:23  Roach x3  
  140  10:25  Roach  
  140  10:26  Roach  
  146  10:30  Roach x2  
  150  10:36  Roach x4  
  150  10:41  Roach x3  
  164  10:44  Tunneling Claws  
  164  10:46  Burrow  
  164  10:48  Overseer  
  164  10:50  Roach x2  
  164  10:52  Ravager  
  169  10:58  Extractor, Drone  
  169  10:59  Drone x3  
  169  11:01  Spine Crawler  
  169  11:02  Drone x2  
  169  11:03  Spine Crawler  
  172  11:12  Roach x5  
  182  11:26  Roach x5  
  182  11:27  Overlord  
  182  11:30  Overlord  
  192  11:52  Zerg Ground Armor Level 2  
  192  11:56  Hydralisk x2  
  192  11:59  Roach x2  
  200  12:06  Hydralisk  
  200  12:10  Overseer  
  200  12:11  Overlord, Roach x19  
  200  12:27  Roach x4  
  200  12:28  Roach x7  
  198  12:50  Roach  
  198  12:51  Hydralisk, Roach x2  
  194  12:52  Roach x3  
  194  12:54  Roach x2  
  198  12:59  Roach  
  198  13:01  Roach  
  198  13:02  Roach  
  198  13:03  Roach x3  
  176  13:07  Roach x12  
  176  13:11  Roach x3  
  194  13:13  Roach x2  
  194  13:14  Roach x11  
  194  13:17  Roach  
  194  13:18  Roach x10  
  196  13:21  Roach  
  196  13:22  Roach x2  
  196  13:25  Roach  
  196  13:26  Roach x3  
  199  13:29  Roach  
  195  13:37  Roach x4  
  197  13:47  Ravager x3  
  200  13:51  Spine Crawler  
  200  13:52  Spine Crawler x2  
  200  13:54  Spine Crawler x2  
  193  13:55  Roach  
  193  13:56  Roach x10  
  193  13:57  Spine Crawler  
  190  14:05  Hatchery  
  190  14:07  Roach x9  
  190  14:08  Roach x5  
  197  14:11  Roach  
  187  14:19  Roach x8  
  187  14:27  Roach x14  
  187  14:28  Roach  
  187  14:29  Roach x2  
  176  14:35  Spine Crawler  
  176  14:36  Spine Crawler, Roach  
  176  14:38  Spine Crawler  
  151  14:40  Spine Crawler  
  151  14:42  Roach  
  151  14:43  Roach x4  
  148  14:51  Unknown x10  
Tags
 
Add a new tag
Caveats
  • Supply blocks, unpowered buildings, or Contaminate may cause inaccurate times.
  • Supply counts are checked every 10 seconds.